 Dungeon Sprint DCSS version 0.29-a0-717-g6dac4ea423 (webtiles) character file.

Game seed: 2588191614331850617

225 mhtbhm the Covert (level 5, -5/24 HPs)
             Began as a Spriggan Enchanter on June 26, 2022.
             Was an Initiate of Dithmenos.
             Killed from afar by a deep elf pyromancer (9 damage)
             ... with a bolt of fire
             ... in the Dungeon (Sprint III: "The Ten Rune Challenge").
             The game lasted 00:02:38 (580 turns).

mhtbhm the Covert (Spriggan Enchanter)               Turns: 580, Time: 00:02:39

Health: -5/24      AC:  3    Str:  4    XL:     5   Next: 68%
Magic:  4/14       EV: 20    Int: 16    God:    Dithmenos [......]
Gold:   37         SH:  0    Dex: 18    Spells: 4/15 levels left

rFire   . . .      SeeInvis +   a - +1 dagger
rCold   . . .      Faith    .   (no shield)
rNeg    . . .      Spirit   .   b - +0 robe
rPois   .          Reflect  .   (helmet restricted)
rElec   .          Harm     .   l - +0 cloak
rCorr   .          Rampage  .   (gloves unavailable)
Will    .....      NoTele   +   (boots unavailable)
Stlth   +++++.....              (no amulet)
HPRegen 0.08/turn               (no ring)
MPRegen 0.14/turn               (no ring)

@: very quick
A: very small, no large weapons, unfitting armour, see invisible, speed 3
a: Renounce Religion


You were in the Dungeon.
You worshipped Dithmenos.
Dithmenos was noncommittal.
You visited 1 branch You collected 37 gold pieces.

Inventory:

Hand Weapons
 a - a +1 dagger (weapon)
Armour
 b - a +0 robe (worn)
 l - a +0 cloak (worn)
Wands
 k - a wand of polymorph (7)
Scrolls
 i - a scroll of blinking
 j - 5 scrolls of identify
 m - 2 scrolls of poison {unknown}
Potions
 c - a potion of invisibility
 d - 2 potions of curing
 f - a potion of haste
 g - 2 potions of magic
 h - a potion of berserk rage
 n - 2 potions of flight {unknown}
 o - 4 potions of mutation


   Skills:
 + Level 1.1 Short Blades
 + Level 5.2 Dodging
 + Level 13.0 Stealth
 + Level 5.9 Spellcasting
 + Level 8.7 Hexes


You had 4 spell levels left.
You knew the following spells:

 Your Spells              Type           Power      Damage    Failure   Level
a - Ensorcelled Hibernat  Hex/Ice        36%        N/A       3%          2
b - Confusing Touch       Hex            32%        N/A       1%          3
c - Tukima's Dance        Hex            32%        N/A       1%          3
d - Dazzling Flash        Conj/Hex       36%        N/A       7%          3

Your spell library contained the following spells:

 Spells                   Type           Power      Damage    Failure   Level
 Freeze                   Ice            16%        1d4       14%         1
 Shock                    Conj/Air       16%        1d4       14%         1
 Frozen Ramparts          Ice            8%         1d2       38%         3
 Swiftness                Air            4%         N/A       38%         3
 Airstrike                Air            2%         N/A       80%         4
 Hailstorm                Conj/Ice       4%         3d4       80%         4


Dungeon Overview and Level Annotations

Branches:
Dungeon (1/1)

Altars:
Dithmenos
Elyvilon
Kikubaaqudgha
Ru
Sif Muna
Vehumet
Yredelemnul
Zin
The Shining One


Innate Abilities, Weirdness & Mutations

You are very small and have problems with some larger weapons.
You are too small for most types of armour.
You have supernaturally acute eyesight. (SInv)
You cover ground extremely quickly. (Speed+++)


Message History

The deep elf pyromancer completely misses you.
You hit the deep elf pyromancer.
The deep elf pyromancer is moderately wounded.
The deep elf pyromancer misses you.
You barely miss the deep elf pyromancer.
The deep elf pyromancer is lightly wounded.
The deep elf pyromancer closely misses you.
Press: ? - help, v - describe, . - travel An open door.
Casting: Confusing Touch (safe; 1% risk of failure)
Confirm with . or Enter, or press ? or * to list all spells.
Aiming: Ensorcelled Hibernation (safe; 3% risk of failure)
Press: ? - help, Shift-Dir - straight line, f - deep elf pyromancer
Aim: a deep elf pyromancer, wielding a +0 long sword of holy wrath (lightly wounded, chance to affect: 33%)
Okay, then.
Casting: Ensorcelled Hibernation (safe; 3% risk of failure)
Confirm with . or Enter, or press ? or * to list all spells.
The spell is quite dangerous to miscast (7% risk of failure)!
Continue anyway?
Casting: Dazzling Flash (quite dangerous; 7% risk of failure)
Press: ? - help, Dir - look around, f - activate The deep elf pyromancer barely misses you.
Unknown command.
Unknown command.
Casting: Dazzling Flash (quite dangerous; 7% risk of failure)
Confirm with . or Enter, or press ? or * to list all spells.
The spell is quite dangerous to miscast (7% risk of failure)!
Continue anyway?
Casting: Dazzling Flash (quite dangerous; 7% risk of failure)
Press: ? - help, Dir - look around, f - activate The deep elf pyromancer hits you with a +0 long sword of holy wrath!
* * * LOW HITPOINT WARNING * * *
Unknown command.
Unknown command.
Casting: Dazzling Flash (quite dangerous; 7% risk of failure)
Confirm with . or Enter, or press ? or * to list all spells.
The spell is quite dangerous to miscast (7% risk of failure)!
Continue anyway?
Casting: Dazzling Flash (quite dangerous; 7% risk of failure)
Press: ? - help, Dir - look around, f - activate The deep elf pyromancer points at you and mumbles some strange words.
The bolt of fire hits you!
You die...

▓▓▓▓▓▓▓▓ ▓▓▓ .'.....♣♣
♣.##### #### .#....♣.♣
♣.#___# #__# ##..)..♣♣
♣♣.#..e# #†_#
.#....≈.♣♣♣..###@#'###'##
.#...≈≈..♣♣..#..........#
.#..≈≈≈≈♣..♣.'.⌠........#
'#..≈≈≈≈≈≈♣..#...######+#
.#.≈≈≈≈≈≈....#.⌠.#
.#.≈≈≈≈≈.....#...#
.#.≈≈≈.......#'###
##...........#.))#
.............#___#


You could see a deep elf pyromancer.

Vanquished Creatures
  A necrophage (D)
  A water elemental (D)
  Crazy Yiuf (D)
  A wizard (D)
  A necromancer (D)
  A human (D)
  A kobold demonologist (D)
  An endoplasm (D)
  3 rats (D)
11 creatures vanquished.

Notes
Turn   | Place    | Note
-------+----------+-------------------------------------------
     0 | D        | mhtbhm the Spriggan Enchanter began the quest for the Orb.
     0 | D        | Reached XP level 1. HP: 9/9 MP: 5/5
    18 | D        | Reached skill level 5 in Stealth
    45 | D        | Reached skill level 6 in Stealth
    45 | D        | Reached skill level 5 in Hexes
    45 | D        | Reached XP level 2. HP: 13/13 MP: 5/7
    48 | D        | Learned a level 2 spell: Ensorcelled Hibernation
    69 | D        | Noticed Crazy Yiuf
    76 | D        | Killed Crazy Yiuf
    77 | D        | Reached skill level 8 in Stealth
    77 | D        | Reached XP level 3. HP: 16/16 MP: 5/9
    89 | D        | Learned a level 3 spell: Confusing Touch
    93 | D        | Learned a level 3 spell: Tukima's Dance
   196 | D        | Noticed a water elemental
   199 | D        | Killed a water elemental
   200 | D        | Reached skill level 10 in Stealth
   200 | D        | Reached XP level 4. HP: 21/21 MP: 9/11
   204 | D        | Learned a level 3 spell: Dazzling Flash
   225 | D        | Found a basalt altar of Yredelemnul.
   225 | D        | Found a shadowy altar of Dithmenos.
   225 | D        | Found a sacrificial altar of Ru.
   225 | D        | Noticed a necrophage
   231 | D        | Killed a necrophage
   232 | D        | Reached skill level 5 in Dodging
   232 | D        | Reached skill level 12 in Stealth
   232 | D        | Reached skill level 5 in Spellcasting
   232 | D        | Reached XP level 5. HP: 15/24 MP: 9/14
   235 | D        | Became a worshipper of Dithmenos the Shadowed
   347 | D        | Found a radiant altar of Vehumet.
   348 | D        | Found a shimmering blue altar of Sif Muna.
   348 | D        | Found an ancient bone altar of Kikubaaqudgha.
   352 | D        | Reached skill level 13 in Stealth
   365 | D        | Found a glowing silver altar of Zin.
   365 | D        | Found a glowing golden altar of the Shining One.
   365 | D        | Found a white marble altar of Elyvilon.
   366 | D        | Noticed a deep elf pyromancer
   368 | D        | Noticed a fire elemental
   580 | D        | Killed from afar by a deep elf pyromancer

Illustrated notes

Levels and vault maps discovered:
D:        dungeon_sprint_mu [sprint_mu_entry_forest, sprint_mu_temple_rooms,
          sprint_mu_d1_spiders, sprint_mu_d2_genie, sprint_mu_d3_branching,
          sprint_mu_orc_legion, sprint_mu_elf_gauntlet, sprint_mu_hive_nellie,
          sprint_mu_lair_fedhas, sprint_mu_vaults_butterflies,
          sprint_mu_slime_circle, sprint_mu_swamp_cave, sprint_mu_snake_twists,
          sprint_mu_blade_basic, sprint_mu_crypt_chambers,
          sprint_mu_tomb_spiral, sprint_mu_vestibule_basic,
          sprint_mu_gehenna_hellfire, sprint_mu_dis_giant,
          sprint_mu_tartarus_statrot, sprint_mu_cocytus_islands, sprint_mu_zot1]

Skill      XL: |  1  2  3  4  5 |
---------------+----------------+-----
Dodging        | 4 5 |  5.2
Hexes          | 5 6 7 8 |  8.7
Stealth        | 6 8 10 12 13 | 13.0
Spellcasting   | 3 4 5 |  5.9
Short Blades   | |  1.1

Action                   |  1- 3 |  4- 6 || total
-------------------------+-------+-------++-------
Melee: Dagger            |    11 |    21 ||    32
 Cast: Ensorcelled Hiber |     1 |       ||     1
       Confusing Touch   |       |     2 ||     2
       Dazzling Flash    |       |     5 ||     5
  Use: Potion            |     1 |     1 ||     2
 Stab: Sleeping          |     7 |     3 ||    10
       Invisible         |     1 |       ||     1
       Confused          |       |     2 ||     2
Armor: Robe              |       |     4 ||     4
Dodge: Dodged            |     2 |    17 ||    19

Table legend: (Time is in decaauts)
 A = Elapsed time spent in this place.
 B = Non-inter-level travel time spent in this place.
 C = Inter-level travel time spent in this place.
 D = Time resting spent in this place.
 E = Time spent auto-exploring this place.
 F = Levels seen in this place.
 G = Mean time per level.
                   A        B        C        D        E       F      G
               +--------+--------+--------+--------+--------+-----+--------+
         Total |    514 |    514 |      0 |    337 |      7 |   1 |  514.0 |
       Dungeon |    514 |    514 |      0 |    337 |      7 |   1 |  514.0 |
               +--------+--------+--------+--------+--------+-----+--------+

Top non-repeatable levels by time:
       D: 514 daAuts
